 Dungeon Crawl Stone Soup version 0.28.0-53-g5a82cb258f (console) character file.

Game seed: 15163596048344316711

81 Banquo the Chopper (level 4, -1/27 HPs)
             Began as a Gargoyle Gladiator on May 22, 2022.
             Killed from afar by an orc wizard (3 damage)
             ... with a magic dart
             ... on level 3 of the Dungeon.
             The game lasted 00:03:52 (1936 turns).

Banquo the Chopper (Gargoyle Gladiator)             Turns: 1936, Time: 00:03:53

Health: -1/27      AC: 10    Str: 19    XL:     4   Next: 42%
Magic:  4/4        EV: 11    Int:  9    God:
Gold:   43         SH:  0    Dex: 11    Spells: 3/3 levels left

rFire   . . .      SeeInvis +   a - +0 war axe
rCold   . . .      Faith    .   (no shield)
rNeg    + . .      Spirit   .   m - +0 ring mail
rPois   ∞          Reflect  .   c - +0 helmet
rElec   +          Harm     .   (no cloak)
rCorr   .          Rampage  .   (no gloves)
Will    .....                   p - +0 pair of boots
Stlth   +.........              (no amulet)
HPRegen 0.09/turn               S - ring of see invisible
MPRegen 0.09/turn               (no ring)

@: no status effects
A: sickness immunity, AC +3, negative energy resistance 1, electricity
resistance, torment resistance 1, petrification resistance
a: no special abilities


You were on level 3 of the Dungeon.
You visited 1 branch of the dungeon, and saw 3 of its levels.

You collected 43 gold pieces.

Inventory:

Hand Weapons
 a - a +0 war axe (weapon)
 q - a +0 war axe
Missiles
 d - 3 throwing nets (quivered)
 e - 170 stones
Armour
 b - a +0 leather armour
 c - a +0 helmet (worn)
 m - a +0 ring mail (worn)
 p - a +0 pair of boots (worn)
Jewellery
 S - a ring of see invisible (left hand)
Scrolls
 i - 3 scrolls of identify {unknown}
 k - a scroll of enchant weapon {unknown}
 l - a scroll of summoning {unknown}
 n - 3 scrolls of magic mapping {unknown}
 o - a scroll of teleportation {unknown}
Potions
 f - 2 potions of heal wounds {unknown}
 g - 3 potions of brilliance {unknown}
 h - a potion of curing {unknown}
 j - a potion of mutation {unknown}


   Skills:
 + Level 2.5 Fighting
 * Level 4.1 Axes
 - Level 1.7 Throwing
 + Level 0.5 Armour
 + Level 2.7 Dodging


You had 3 spell levels left.
You didn't know any spells.
Your spell library was empty.

Dungeon Overview and Level Annotations

Branches:
Dungeon (3/15)

Altars:
Qazlal

Shops:
D:2 [


Innate Abilities, Weirdness & Mutations

You are immune to sickness and miasma.
Your stone body is resilient. (AC +3)
You are immune to poison.
You resist negative energy. (rN+)
You are resistant to electric shocks. (rElec)
You are resistant to unholy torment.
You are immune to petrification.


Message History

You barely miss the orc wizard. You hit the orc.
The orc hits you but does no damage. The orc misses you.
The orc wizard hits you but does no damage.
You closely miss the orc.
The orc is heavily wounded.
You hit the orc but do no damage. You hit the orc wizard.
The orc hits you but does no damage. The orc closely misses you.
The orc wizard closely misses you.
You hit the orc.
The orc is heavily wounded.
You hit the orc but do no damage.
You hit the orc wizard but do no damage.
The orc hits you but does no damage. The orc hits you with a +0 war axe.
The orc wizard casts a spell.
The orc wizard flickers and vanishes for a moment.
The orc closely misses you. The orc hits you but does no damage.
You barely miss the orc.
The orc is heavily wounded.
You barely miss the orc wizard. You barely miss the orc.
The orc wizard gestures at you while chanting.
The puff of flame hits you! The orc barely misses you.
The orc hits you with a +0 war axe!
* * * LOW HITPOINT WARNING * * *
The orc wizard gestures at you while chanting.
The magic dart hits you.
* * * LOW HITPOINT WARNING * * *
Unknown command.
You completely miss the orc wizard.
The orc wizard is moderately wounded.
You barely miss the orc. You slash the orc!
You kill the orc!
The orc barely misses you. The orc wizard casts a spell at you.
You resist with some effort.
You hit the orc wizard.
The orc wizard is heavily wounded.
You hit the orc. The orc hits you but does no damage.
The orc wizard points at you and mumbles some strange words.
The magic dart hits you.
You die...

#.. ..........#
### #####.#.#.###
#.......#
#.#.#.#.#
#.....#.###.######
# #.#.###
....)....# # #.#.#
# #<# #.#.#######.
#.# #...@o......
#.# #.#.)o......
... ##(#.#######
### ##.## #


You could see an orc wizard (invisible) and an orc.

Vanquished Creatures
  An orc priest (D:3)
  2 adders (D:2)
  A dart slug (D:1)
  6 orcs
  2 bats
  2 endoplasms
  A giant cockroach (D:1)
  4 kobolds
  A quokka (D:2)
  4 ball pythons
  A frilled lizard (D:2)
  2 goblins
  2 rats (D:2)
29 creatures vanquished.

Notes
Turn   | Place    | Note
-------+----------+-------------------------------------------
     0 | D:1      | Banquo the Gargoyle Gladiator began the quest for the Orb.
     0 | D:1      | Reached XP level 1. HP: 12/12 MP: 1/1
   192 | D:1      | Reached skill level 3 in Axes
   192 | D:1      | Reached XP level 2. HP: 17/17 MP: 2/2
   601 | D:2      | Found Ysig's Armour Shoppe.
   966 | D:2      | Reached XP level 3. HP: 21/22 MP: 3/3
  1232 | D:2      | Identified the +1 robe "Ehe Vuuh" {Harm Drain MP+9 Dex-2}
  1763 | D:3      | Found a stormy altar of Qazlal.
  1789 | D:3      | Reached skill level 4 in Axes
  1789 | D:3      | Reached XP level 4. HP: 18/27 MP: 4/4
  1936 | D:3      | Killed from afar by an orc wizard

Illustrated notes

Levels and vault maps discovered:
D:1:      dpeg_arrival_simpleton_a, layout_basic
D:2:      layout_basic, serial_shops, nicolae_shop_advertising_works
          [nicolae_subvault_shop_adworks], chequers_serial_rivers_room_b
D:3:      layout_loops_ring, nicolae_qazlal_eye_of_the_storm, serial_shops,
          nicolae_shop_waterfront

Skill      XL: |  1  2  3 |
---------------+----------+-----
Axes           | 3 4 |  4.1
Fighting       | |  2.5
Throwing       | |  1.7
Armour         | |  0.5
Dodging        | |  2.7

Action                   |  1- 3 |  4- 6 || total
-------------------------+-------+-------++-------
Melee: War axe           |    60 |     8 ||    68
       Punch             |       |     1 ||     1
Armor: Leather armour    |     8 |       ||     8
       Ring mail         |    19 |    14 ||    33
Dodge: Dodged            |    39 |    11 ||    50
